 Dungeon Crawl Stone Soup version 0.31-a0-182-gc5ef74bbde (webtiles) character file.

Game seed: 13017233137380783845

1037 2FriedEggs the Cudgeller (level 8, -7/54 (67) HPs)
             Began as a Gnoll Chaos Knight on June 20, 2023.
             Was a Plaything of Xom.
             Succumbed to a kobold brigand's poison
             ... on level 6 of the Dungeon.
             The game lasted 00:10:11 (5263 turns).

2FriedEggs the Cudgeller (Gnoll Chaos Knight)       Turns: 5263, Time: 00:10:11

HP:   -7/54 (67)    AC: 12    Str: 13      XL:     8   Next: 24%
MP:   8/12          EV: 12    Int: 11 (13) God:    Xom [..*...]
Gold: 316           SH:  0    Dex: 10 (11) Spells: 11/13 levels left

rFire   . . .        a - +0 mace (chaos)
rCold   . . .        (no shield)
rNeg    + . .        b - +2 leather armour
rPois   .            (no helmet)
rElec   .            (no cloak)
rCorr   .            G - +0 pair of gloves
SInv    .            r - +0 pair of boots
Will    .....        (no amulet)
Stlth   ++           h - ring of positive energy
HPRegen 0.29/turn    j - +4 ring of protection
MPRegen 0.13/turn

%: no passive effects
@: lethally poisoned (-7 -> -48), very slightly contaminated, heavily drained
A: fangs 1, strong nose, distributed training, sturdy frame 1
a: Renounce Religion


You were on level 6 of the Dungeon.
You worshipped Xom.
You were a toy of Xom.
You visited 1 branch of the dungeon, and saw 6 of its levels.

You collected 316 gold pieces.

Inventory:

Hand Weapons
 a - a +0 mace of chaos (weapon)
 f - a +0 dagger
 p - the +1 war axe of Debt {heavy, MP+9}
   (You found it on level 2 of the Dungeon)

   MP:        It affects your magic capacity (+9).
Missiles
 n - 3 javelins (quivered)
 s - a throwing net
Armour
 b - a +2 leather armour (worn)
 d - a +0 plate armour
 r - a +0 pair of boots (worn)
 G - a +0 pair of gloves (worn)
 H - a +0 ring mail
Jewellery
 e - a ring of flight
 h - a ring of positive energy (left hand)
 j - a +4 ring of protection (right hand)
 t - a ring of poison resistance
Wands
 w - a wand of charming (7)
 y - a wand of polymorph (20)
 A - a wand of light (4)
 C - a wand of flame (27)
Scrolls
 k - 2 scrolls of vulnerability
 l - a scroll of revelation
 q - a scroll of fear {unknown}
 u - 2 scrolls of noise {unknown}
 v - a scroll of enchant armour {unknown}
 B - 2 scrolls of poison
 D - a scroll of enchant weapon {unknown}
Potions
 g - a potion of degeneration
 i - a potion of mutation {unknown}
 m - a potion of haste {unknown}
 o - 2 potions of heal wounds
 x - a potion of might {unknown}
 z - a potion of brilliance {unknown}
 E - a potion of attraction {unknown}
 F - a potion of resistance {unknown}
Miscellaneous
 c - a piece from Xom's chessboard (15/15)


   Skills:
 + Level 7.3 Fighting
 + Level 3.2 Short Blades
 + Level 3.2 Long Blades
 + Level 3.2 Axes
 + Level 7.3 Maces & Flails
 + Level 3.2 Polearms
 + Level 3.2 Staves
 + Level 3.2 Ranged Weapons
 + Level 3.2 Throwing
 + Level 5.6 Armour
 + Level 4.1 Dodging
 + Level 3.2 Stealth
 + Level 3.2 Shields
 + Level 3.2 Unarmed Combat
 + Level 3.2 Spellcasting
 + Level 2.6 Conjurations
 + Level 2.6 Hexes
 + Level 2.6 Summonings
 + Level 2.6 Necromancy
 + Level 2.6 Translocations
 + Level 2.6 Transmutations
 + Level 2.6 Fire Magic
 + Level 2.6 Ice Magic
 + Level 2.6 Air Magic
 + Level 2.6 Earth Magic
 + Level 2.6 Poison Magic
 + Level 3.5 Invocations
 + Level 3.2 Evocations


You had 11 spell levels left.
You knew the following spells:

 Your Spells              Type           Power      Damage    Failure   Level
a - Cigotuvi's Dreadful   Necr/Pois/Air  14%        N/A       14%         2

Your spell library contained the following spells:

 Spells                   Type           Power      Damage    Failure   Level
 Dazzling Flash           Conj/Hex       14%        N/A       26%         3
 Hailstorm                Conj/Ice       7%         3d4       26%         3
 Ignite Poison            Fire/Tmut/Pois 7%         N/A       26%         3
 Volatile Blastmotes      Fire/Tloc      14%        2d11      26%         3
 Ice Form                 Ice/Tmut       7%         N/A       65%         4
 Iskenderun's Mystic Bla  Conj/Tloc      7%         2d4       65%         4
 Olgreb's Toxic Radiance  Pois           7%         N/A       65%         4
 Freezing Cloud           Conj/Ice/Air   3%         6-21      94%         5
 Simulacrum               Ice/Necr       3%         N/A       100%        6
 Starburst                Conj/Fire      3%         6d3       100%        6
 Discord                  Hex            3%         N/A       100%        8
 Ignition                 Fire           3%         3d4       100%        8


Dungeon Overview and Level Annotations

Branches:
Dungeon (6/15)             Temple (0/1) D:4

Altars:
Kikubaaqudgha
Makhleb
Qazlal
Vehumet
Yredelemnul

Annotations:
D:5 2 transporters, olddryhag's ghost, weakling GnDe


Innate Abilities, Weirdness & Mutations

You have very sharp teeth.
Your uncanny sense of smell can sniff out nearby items.
Your experience applies equally to all skills.
Your movements are slightly less encumbered by armour. (ER -2)


Message History

Your bite misses the kobold brigand.
The kobold brigand is moderately wounded.
You feel very sick.
The kobold brigand hits you with a +0 dagger of venom.
You are more poisoned.
You closely miss the kobold brigand.
The kobold brigand is moderately wounded.
You feel very sick.
The kobold brigand hits you but does no damage.
You are more poisoned.
You sock the kobold brigand!
The kobold brigand is heavily wounded.
You feel extremely sick.
The kobold brigand hits you but does no damage.
You are lethally poisoned!
Casting: Cigotuvi's Dreadful Rot (safe; 14% risk of failure)
Confirm with . or Enter, or press ? or * to list all spells.
You miscast Cigotuvi's Dreadful Rot.
You are very lightly contaminated with residual magic.
Nothing appears to happen.
You feel very sick. The kobold brigand barely misses you.
Casting: Cigotuvi's Dreadful Rot (safe; 14% risk of failure)
Confirm with . or Enter, or press ? or * to list all spells.
A part of your flesh rots into a cloud of miasma!
You feel drained.
* * * LOW HITPOINT WARNING * * *
You feel very sick. The kobold brigand closely misses you.
You are engulfed in dark miasma.
You are more poisoned.
* * * LOW HITPOINT WARNING * * *
x2 You feel extremely sick.
The kobold brigand hits you but does no damage.
You are more poisoned.
Unknown command.
The kobold brigand attacks as you move away!
The kobold brigand hits you but does no damage.
You die...
Xom cackles wildly!

### ####.#
..##<# #.##.###
#.#....#
#.#..#.#
#.#..#.#
####.####@#
#.....KK○.#
#.##.###### #.#
#.#
......K........
..K..#######.##
.... ..K


You could see a kobold brigand and a kobold.

Vanquished Creatures
  Sigmund (D:5)
  An ogre (D:5)
  A phantom (D:5)
  A scorpion (D:4)
  3 hounds (D:4)
  A jelly (D:5)
  Jessica (D:3)
  An iguana (D:5)
  Natasha (twice) (D:3 D:4)
  4 orc wizards
  4 gnolls (D:3)
  2 adders
  2 shadow imps (D:6)
  15 orcs
  3 bats
  4 endoplasms
  2 giant cockroaches (D:1)
  8 goblins
  6 hobgoblins
  4 jackals (D:2)
  2 quokkas
  7 ball pythons
  4 frilled lizards
  3 kobolds
  4 rats (D:1)
  A spectral hobgoblin (D:2)
87 creatures vanquished.

Vanquished Creatures (collateral kills)
  A golden eye (D:5)
  A howler monkey (D:4)
2 creatures vanquished.

Vanquished Creatures (others)
  Natasha (D:4)
  A quokka (D:4)
2 creatures vanquished.

Grand Total: 91 creatures vanquished

Notes
Turn   | Place    | Note
-------+----------+-------------------------------------------
     0 | D:1      | 2FriedEggs the Gnoll Chaos Knight began the quest for the
                  | Orb.
     0 | D:1      | Reached XP level 1. HP: 23/23 MP: 1/1
    67 | D:1      | XOM: silly message
   124 | D:1      | Reached XP level 2. HP: 29/29 MP: 2/2
   289 | D:1      | XOM: potion effect (berserk rage)
   296 | D:1      | XOM: silly message
   332 | D:1      | XOM: silly message
   425 | D:1      | Reached XP level 3. HP: 26/35 MP: 3/3
   486 | D:1      | Learned a level 2 spell: Cigotuvi's Dreadful Rot
   707 | D:2      | Found a faded altar of an unknown god.
   739 | D:2      | XOM: divination: magic mapping
   750 | D:2      | Reached skill level 1 in Invocations
   851 | D:2      | XOM: summons 4 hostile shadow creatures
  1122 | D:2      | XOM: give mutations
  1122 | D:2      | Gained mutation: Your movements are slightly less
                  | encumbered by armour. (ER -2) [Xom's mischief]
  1122 | D:2      | Gained mutation: Your system is resistant to poisons.
                  | (rPois) [Xom's mischief]
  1187 | D:2      | Identified the +1 war axe of Debt {heavy, MP+9}
  1210 | D:2      | XOM: summons 1 hostile shadow creature
  1269 | D:3      | Reached skill level 1 in Short Blades
  1269 | D:3      | Reached skill level 1 in Long Blades
  1269 | D:3      | Reached skill level 1 in Axes
  1269 | D:3      | Reached skill level 1 in Polearms
  1269 | D:3      | Reached skill level 1 in Staves
  1269 | D:3      | Reached skill level 1 in Ranged Weapons
  1269 | D:3      | Reached skill level 1 in Throwing
  1269 | D:3      | Reached skill level 1 in Stealth
  1269 | D:3      | Reached skill level 1 in Shields
  1269 | D:3      | Reached skill level 1 in Unarmed Combat
  1269 | D:3      | Reached skill level 1 in Spellcasting
  1269 | D:3      | Reached skill level 1 in Evocations
  1388 | D:3      | Noticed Natasha
  1391 | D:3      | Killed Natasha
  1392 | D:3      | Reached XP level 4. HP: 41/41 MP: 5/5
  1434 | D:3      | Reached skill level 1 in Conjurations
  1434 | D:3      | Reached skill level 1 in Hexes
  1434 | D:3      | Reached skill level 1 in Summonings
  1434 | D:3      | Reached skill level 1 in Necromancy
  1434 | D:3      | Reached skill level 1 in Translocations
  1434 | D:3      | Reached skill level 1 in Transmutations
  1434 | D:3      | Reached skill level 1 in Fire Magic
  1434 | D:3      | Reached skill level 1 in Ice Magic
  1434 | D:3      | Reached skill level 1 in Air Magic
  1434 | D:3      | Reached skill level 1 in Earth Magic
  1434 | D:3      | Reached skill level 1 in Poison Magic
  1435 | D:3      | Noticed Natasha
  1457 | D:3      | XOM: polymorph cerulean imp -> quasit
  1461 | D:3      | XOM: noise
  1547 | D:4      | Killed Natasha
  1655 | D:3      | XOM: silly message
  1836 | D:3      | Noticed Jessica
  1849 | D:3      | Killed Jessica
  1850 | D:3      | Reached XP level 5. HP: 42/47 MP: 5/7
  1904 | D:3      | XOM: give mutation
  1904 | D:3      | Lost mutation: Your system is resistant to poisons. (rPois)
                  | [Xom's mischief]
  1934 | D:3      | XOM: stat loss: -1 Int (12/13)
  2337 | D:3      | Found a stormy altar of Qazlal.
  2387 | D:3      | XOM: summons 3 hostile shadow creatures
  2488 | D:4      | Found a staircase to the Ecumenical Temple.
  2506 | D:4      | Reached XP level 6. HP: 29/53 MP: 8/8
  2534 | D:4      | Noticed Natasha
  2639 | D:4      | Found a radiant altar of Vehumet.
  2658 | D:4      | Reached skill level 5 in Armour
  2659 | D:4      | Killed Natasha
  2659 | D:4      | XOM: divine lightning
  3038 | D:4      | XOM: god gift: wand of light (5)
  3131 | D:4      | XOM: god gift: 13 gold pieces
  3441 | D:4      | XOM: god gift: plate armour {god gift}
  3631 | D:4      | XOM: summons friendly sun demon
  3817 | D:5      | Entered Level 5 of the Dungeon
  3865 | D:5      | XOM: scenery: summon butterflies
  3897 | D:5      | Found a transporter.
  3916 | D:5      | Reached XP level 7. HP: 57/57 MP: 10/10
  3983 | D:5      | Noticed a troll
  3986 | D:5      | a troll changed into a golden eye
  3986 | D:5      | Noticed a golden eye
  3994 | D:5      | XOM: summons friendly quasit
  4002 | D:5      | Killed a golden eye
  4046 | D:5      | Noticed Sigmund
  4059 | D:5      | XOM: enchant monster (good)
  4061 | D:5      | XOM: cast spell 'Statue Form'
  4070 | D:5      | Killed Sigmund
  4073 | D:5      | Reached XP level 8. HP: 67/67 MP: 10/12
  4139 | D:5      | Found an ancient bone altar of Kikubaaqudgha.
  4139 | D:5      | Found a faded altar of an unknown god.
  4147 | D:5      | Found a faded altar of an unknown god.
  4149 | D:5      | Found a basalt altar of Yredelemnul.
  4151 | D:5      | Found a burning altar of Makhleb.
  4307 | D:5      | XOM: noise
  4542 | D:5      | Found a transporter.
  4542 | D:5      | Noticed olddryhag's ghost (weakling GnDe)
  4542 | D:5      | XOM: 9-stop teleportation journey
  4963 | D:6      | XOM: smoke on damage
  4992 | D:6      | XOM: noise
  5167 | D:5      | XOM: summons 1 hostile shadow creature
  5262 | D:6      | HP: 1/54 [poisoned by you (dark miasma)]
  5263 | D:6      | Succumbed to a kobold brigand's poison

Illustrated notes

Levels and vault maps discovered:
D:1:      dpeg_arrival_tiny_d, layout_basic
D:2:      layout_basic, dreamdust_ecumenical_altar_drowned_temple
D:3:      layout_basic, nicolae_qazlal_eye_of_the_storm, uniq_jessica,
          uniq_natasha
D:4:      layout_loops_corners, mainiacjoe_overflow_cross_hatched,
          minmay_temple_entry_mist
D:5:      layout_loops_ring, chequers_temple_overflow_minitemple,
          gammafunk_ghost_mausoleum, ebering_dispersal_statue_hall, uniq_sigmund
D:6:      layout_basic, general_overflow_altar

Skill      XL: |  1  2  3  4  5  6  7 |
---------------+----------------------+-----
Invocations    | 1 2 3 |  3.5
Short Blades   | 1 2 3 |  3.2
Long Blades    | 1 2 3 |  3.2
Axes           | 1 2 3 |  3.2
Polearms       | 1 2 3 |  3.2
Staves         | 1 2 3 |  3.2
Ranged Weapons | 1 2 3 |  3.2
Throwing       | 1 2 3 |  3.2
Stealth        | 1 2 3 |  3.2
Shields        | 1 2 3 |  3.2
Unarmed Combat | 1 2 3 |  3.2
Spellcasting   | 1 2 3 |  3.2
Evocations     | 1 2 3 |  3.2
Conjurations   | 1 2 |  2.6
Hexes          | 1 2 |  2.6
Summonings     | 1 2 |  2.6
Necromancy     | 1 2 |  2.6
Translocations | 1 2 |  2.6
Transmutations | 1 2 |  2.6
Fire Magic     | 1 2 |  2.6
Ice Magic      | 1 2 |  2.6
Air Magic      | 1 2 |  2.6
Earth Magic    | 1 2 |  2.6
Poison Magic   | 1 2 |  2.6
Dodging        | 3 4 |  4.1
Armour         | 5 |  5.6
Fighting       | 7 |  7.3
Maces & Flails | 7 |  7.3

Action                     |  1- 3 |  4- 6 |  7- 9 || total
---------------------------+-------+-------+-------++-------
  Melee: Mace              |   102 |   131 |    78 ||   311
         Bite              |     9 |     8 |     6 ||    23
         Punch             |     3 |     3 |     2 ||     8
         Unarmed           |       |    11 |       ||    11
  Throw: Javelin           |       |       |     1 ||     1
   Cast: Cigotuvi's Dreadf |       |     2 |     2 ||     4
  Evoke: Piece from Xom's  |       |     5 |     2 ||     7
         Wand              |       |       |     3 ||     3
    Use: Potion            |       |     6 |     1 ||     7
         Scroll            |       |     2 |     1 ||     3
   Stab: Sleeping          |     1 |     3 |       ||     4
         Petrified         |       |     4 |     6 ||    10
         Petrifying        |       |     1 |       ||     1
         Paralysed         |       |     4 |       ||     4
 Armour: Leather armour    |    36 |    30 |     8 ||    74
         Plate armour      |       |    34 |    44 ||    78
         Skin              |       |    19 |     1 ||    20
  Dodge: Dodged            |    82 |    91 |    19 ||   192

Table legend: (Time is in decaauts)
 A = Elapsed time spent in this place.
 B = Non-inter-level travel time spent in this place.
 C = Inter-level travel time spent in this place.
 D = Time resting spent in this place.
 E = Time spent auto-exploring this place.
 F = Levels seen in this place.
 G = Mean time per level.
                   A        B        C        D        E       F      G
               +--------+--------+--------+--------+--------+-----+--------+
         Total |   5310 |   5077 |    233 |    566 |   3450 |   6 |  885.0 |
       Dungeon |   5310 |   5077 |    233 |    566 |   3450 |   6 |  885.0 |
               +--------+--------+--------+--------+--------+-----+--------+

Top non-repeatable levels by time:
     D:4: 1568 daAuts
     D:5: 1122 daAuts
     D:3: 1043 daAuts
     D:1: 748 daAuts
     D:2: 511 daAuts
     D:6: 315 daAuts
